 Dungeon Crawl Stone Soup version 0.28-a0-429-g1448048969 (webtiles) character file.

Game seed: 9127981255423285779

6349 robertstho the Cleaver (level 10, -3/93 HPs)
             Began as a Minotaur Cinder Acolyte on Sept 10, 2021.
             Was a Follower of Ignis.
             Slain by a four-headed hydra (13 damage)
             ... on level 9 of the Dungeon.
             The game lasted 00:13:18 (9092 turns).

robertstho the Cleaver (Minotaur Cinder Acolyte)    Turns: 9092, Time: 00:13:19

Health: -3/93      AC: 17    Str: 20    XL:     10   Next: 65%
Magic:  10/10      EV:  9    Int: 11    God:    Ignis [*.....]
Gold:   500        SH:  0    Dex:  8    Spells: 11/11 levels left

rFire   + + .      SeeInvis .   a - -1 hand axe (flame)
rCold   . . .      Faith    .   (no shield)
rNeg    . . .      Spirit   .   n - +3 chain mail {rF+}
rPois   .          Reflect  .   (helmet restricted)
rElec   .          Harm     .   (no cloak)
rCorr   .          Rampage  .   z - +1 pair of gloves
Will    .....                   (no boots)
Stlth   ..........              (no amulet)
HPRegen 0.25/turn               (no ring)
MPRegen 0.12/turn               (no ring)

@: no status effects
A: horns 2, retaliatory headbutt
a: Renounce Religion, Sea of Fire, Foxfire Swarm


You were on level 9 of the Dungeon.
You worshipped Ignis.
Ignis was aware of your devotion.
You visited 1 branch of the dungeon, and saw 9 of its levels.

You collected 500 gold pieces.

Inventory:

Hand Weapons
 a - a -1 hand axe of flaming (weapon)
 s - a +3 battleaxe
 u - a +1 vorpal war axe
 w - the +9 falchion "Saubb" {pain, *Rage rC+ Dex+5 SInv}
   (You found it on level 7 of the Dungeon)

   In the hands of one skilled in necromantic magic, it inflicts extra damage on
   living creatures.
   Dex:       It affects your dexterity (+5).
   rC:        It protects you from cold.
   SInv:      It lets you see invisible.
   *Rage:     It may make you go berserk in combat.
Armour
 n - a +3 chain mail of fire resistance (worn)
 r - a +0 pair of gloves
 v - a +1 kite shield of protection
 z - a +1 pair of gloves (worn)
Wands
 f - a wand of flame (27)
 g - a wand of acid (12)
 h - a wand of iceblast (2)
 F - a wand of mindburst (18)
Scrolls
 d - 3 scrolls of enchant armour
 e - a scroll of magic mapping {unknown}
 m - a scroll of fog
 o - 6 scrolls of teleportation
 p - a scroll of blinking
 x - a scroll of acquirement {unknown}
 y - a scroll of noise {unknown}
 B - a scroll of amnesia
 C - a scroll of identify
 D - a scroll of torment {unknown}
 E - a scroll of fear {unknown}
Potions
 b - 3 potions of mutation
 i - a potion of resistance {unknown}
 j - a potion of invisibility {unknown}
 k - 2 potions of lignification
 l - 3 potions of might {unknown}
 q - a potion of cancellation {unknown}
 t - a potion of brilliance
 A - a potion of flight {unknown}


   Skills:
 * Level 10.2 Fighting
 + Level 11.6 Axes
 * Level 10.9 Armour
 + Level 3.3 Dodging
 + Level 1.2 Stealth
 + Level 1.0 Spellcasting
 + Level 2.9 Fire Magic
 + Level 1.2 Evocations


You had 11 spell levels left.
You didn't know any spells.
Your spell library contained the following spells:

 Spells                   Type           Power      Damage    Failure   Level
 Scorch                   Fire           14%        2d6       69%         2
 Summon Small Mammal      Summ           0%         N/A       91%         1
 Corpse Rot               Necr/Air       N/A        N/A       97%         2
 Call Canine Familiar     Summ           0%         N/A       100%        3
 Ozocubu's Armour         Ice            0%         N/A       100%        3
 Summon Guardian Golem    Hex/Summ       0%         N/A       100%        3
 Airstrike                Air            0%         N/A       100%        4
 Dispel Undead            Necr           0%         3d6       100%        4
 Summon Lightning Spire   Summ/Air       0%         N/A       100%        4
 Lightning Bolt           Conj/Air       0%         1d11      100%        5
 Metabolic Englaciation   Hex/Ice        0%         N/A       100%        5
 Death Channel            Necr           0%         N/A       100%        6
 Simulacrum               Ice/Necr       0%         N/A       100%        6
 Storm Form               Tmut/Air       0%         N/A       100%        7
 Maxwell's Capacitive Co  Air            0%         ∞         100%        8


Dungeon Overview and Level Annotations

Branches:
Dungeon (9/15)
 Temple: D:4-7         Lair: D:8-11         Orc: D:9-12

Altars:
Fedhas
Gozag
Nemelex Xobeh
Yredelemnul
The Shining One

Shops:
D:4 *

Annotations:
D:6 2 transporters, rabbitsville's ghost, amateur DsCK
D:7 6 runed translucent doors, RandomusNamus's ghost, journeyman GrFi; RandomusNamus's ghost, novice GrFi


Innate Abilities, Weirdness & Mutations

You have a pair of horns on your head.
You reflexively headbutt those who attack you in melee.


Message History

Unknown command.
You slice the two-headed ogre!!
You headbutt the two-headed ogre, but do no damage.
The two-headed ogre is severely wounded.
The two-headed ogre barely misses you. You furiously retaliate!
You headbutt the two-headed ogre.
The two-headed ogre hits you but does no damage.
The orc priest looks satisfied for a moment.
You barely miss the two-headed ogre. You headbutt the two-headed ogre!
The two-headed ogre is almost dead.
The two-headed ogre hits you with a +0 giant spiked club!
The two-headed ogre hits you with a +0 giant club!!
Unknown command.
You slice the two-headed ogre!!
You kill the two-headed ogre!
Your Fighting skill increases to level 10!
Unknown command.
Your -1 hand axe of flaming bursts into flame!
a - a -1 hand axe of flaming (weapon)
The four-headed hydra bites you but does no damage.
The four-headed hydra bites you!
* * * LOW HITPOINT WARNING * * *
The four-headed hydra bites you.
* * * LOW HITPOINT WARNING * * *
The four-headed hydra bites you!
* * * LOW HITPOINT WARNING * * *
You feel better.
The orc priest calls upon Beogh to heal the orc warrior.
The orc warrior is healed somewhat.
The four-headed hydra closely misses you. x2
The four-headed hydra bites you.
* * * LOW HITPOINT WARNING * * *
The four-headed hydra bites you.
* * * LOW HITPOINT WARNING * * *
You feel better.
The four-headed hydra bites you but does no damage.
The four-headed hydra bites you.
* * * LOW HITPOINT WARNING * * *
The four-headed hydra bites you!
You die...

######### ###############
...§°§°.# #.......(.....#
....§.○o####.............#
..§.°§ooD@##.............#
..☼°.○.o#§##.............#
..☼.§.☼.#§°.)............#
############.............#
########.###### #†# ##.#
#..# #.##


You could see a four-headed hydra, an orc warrior, an orc priest and 2 orcs.

Vanquished Creatures
  A boulder beetle (D:7)
  A two-headed ogre (D:9)
  Maurice (D:9)
  2 slime creatures (D:7)
  A troll (D:7)
  Sigmund (D:2)
  2 yaks (D:7)
  A wraith (D:7)
  A steam dragon (D:8)
  2 water moccasins
  2 orc warriors
  A sky beast (D:6)
  A necrophage (D:7)
  A black bear (D:6)
  An ogre (D:4)
  5 centaurs
  3 kobold brigands
  4 phantoms
  2 bullfrogs
  3 scorpions
  2 water moccasin zombies
  5 killer bees (D:8)
  8 wights
  A bullfrog zombie (D:7)
  A centaur zombie (D:8)
  2 orc priests (D:7)
  A hound (D:7)
  3 centaur skeletons
  3 jellies
  4 orc wizards
  3 iguanas (D:7)
  2 killer bee zombies (D:7)
  A hound skeleton (D:5)
  2 howler monkey zombies
  3 gnolls (D:6)
  5 adders
  2 white imps (D:7)
  An ufetubus (D:5)
  An adder skeleton (D:4)
  2 worms (D:2)
  2 dart slugs (D:1)
  15 orcs
  5 bats
  5 endoplasms
  4 giant cockroaches
  6 goblins
  6 hobgoblins
  12 jackals
  17 kobolds
  A quokka (D:1)
  8 ball pythons
  4 frilled lizards
  8 rats
181 creatures vanquished.

Vanquished Creatures (others)
  52 foxfires
52 creatures vanquished.

Grand Total: 233 creatures vanquished

Notes
Turn   | Place    | Note
-------+----------+-------------------------------------------
     0 | D:1      | robertstho the Minotaur Cinder Acolyte began the quest for
                  | the Orb.
     0 | D:1      | Reached XP level 1. HP: 19/19 MP: 1/1
   303 | D:1      | Reached XP level 2. HP: 27/27 MP: 2/2
   946 | D:1      | Reached skill level 1 in Armour
  1301 | D:2      | Noticed Sigmund
  1319 | D:2      | Killed Sigmund
  1320 | D:2      | Reached skill level 5 in Fighting
  1320 | D:2      | Reached skill level 4 in Axes
  1320 | D:2      | Reached skill level 1 in Dodging
  1320 | D:2      | Reached XP level 3. HP: 23/36 MP: 3/3
  1320 | D:2      | Reached XP level 4. HP: 26/42 MP: 4/4
  1320 | D:2      | Reached XP level 5. HP: 30/48 MP: 5/5
  1958 | D:2      | Found a faded altar of an unknown god.
  2813 | D:3      | Reached XP level 6. HP: 53/56 MP: 6/6
  3092 | D:4      | Found Heriz's Lightly-Used Armoury.
  3103 | D:4      | Reached skill level 5 in Axes
  3569 | D:4      | Reached XP level 7. HP: 47/63 MP: 7/7
  3852 | D:5      | Entered Level 5 of the Dungeon
  4551 | D:5      | Found a blossoming altar of Fedhas.
  4642 | D:5      | Reached skill level 1 in Stealth
  4649 | D:4      | Reached skill level 5 in Armour
  4917 | D:6      | Reached skill level 6 in Axes
  4999 | D:6      | Reached XP level 8. HP: 65/71 MP: 8/8
  5072 | D:6      | Found an opulent altar of Gozag.
  5098 | D:6      | Found a glowing golden altar of the Shining One.
  5227 | D:6      | Found a transporter.
  5229 | D:6      | Noticed rabbitsville's ghost (amateur DsCK)
  5267 | D:6      | Reached skill level 7 in Axes
  5417 | D:6      | Found a transporter.
  5690 | D:7      | Identified the +4 flail of Xom {antimagic, Int+4 Stlth+}
  5970 | D:7      | Identified the +9 falchion "Saubb" {pain, *Rage rC+ Dex+5
                  | SInv}
  6061 | D:7      | Reached skill level 8 in Axes
  6322 | D:7      | Found a sparkling altar of Nemelex Xobeh.
  6349 | D:7      | Found a runed translucent gate.
  6349 | D:7      | Found a runed translucent gate.
  6351 | D:7      | Found a runed translucent gate.
  6351 | D:7      | Noticed RandomusNamus's ghost (journeyman GrFi)
  6412 | D:7      | Found a runed translucent gate.
  6412 | D:7      | Found a runed translucent gate.
  6412 | D:7      | Found a runed translucent gate.
  6412 | D:7      | Noticed RandomusNamus's ghost (novice GrFi)
  6414 | D:7      | Found a basalt altar of Yredelemnul.
  6428 | D:7      | Reached XP level 9. HP: 25/81 MP: 9/9
  6872 | D:7      | Noticed a boulder beetle
  6883 | D:7      | Killed a boulder beetle
  6884 | D:7      | Reached skill level 9 in Axes
  7200 | D:7      | Noticed a troll
  7209 | D:7      | Killed a troll
  7210 | D:7      | Reached skill level 10 in Axes
  7210 | D:7      | Reached skill level 1 in Evocations
  7214 | D:7      | Reached XP level 10. HP: 70/91 MP: 10/10
  7392 | D:7      | Identified the +5 falchion of Bloody Death {chaos, Dex+7}
  7577 | D:8      | Reached skill level 10 in Armour
  7997 | D:8      | Reached skill level 11 in Axes
  9034 | D:9      | Noticed Maurice
  9050 | D:9      | Killed Maurice
  9073 | D:9      | Noticed a two-headed ogre
  9075 | D:9      | Noticed a four-headed hydra
  9089 | D:9      | Killed a two-headed ogre
  9090 | D:9      | Reached skill level 10 in Fighting
  9092 | D:9      | Slain by a four-headed hydra

Illustrated notes

Levels and vault maps discovered:
D:1:      nicolae_arrival_memento_mori, layout_loops_corners,
          minmay_misc_feat_doors
D:2:      layout_rooms, hellmonk_ecumenical_altar_prayer_group,
          kennysheep_small_spiral, minmay_tiny_reverse_x, uniq_sigmund
D:3:      layout_basic
D:4:      layout_basic, minmay_shop_damaged
D:5:      layout_basic, mainiacjoe_overflow_swirl,
          minmay_temple_entry_butterflies
D:6:      layout_rooms, mainiacjoe_overflow_large_starburst,
          gammafunk_ghost_smash
D:7:      minmay_chambers_of_sevens, layout_loops_ring,
          overflow_temple_1_default, nicolae_yredelemnul_ghost_church,
          ebering_ghost_rock_garden, kennysheep_crisscross,
          minmay_misc_feat_rows, patterned_corridor
D:8:      layout_basic
D:9:      layout_roguey, nicolae_qazlal_style_of_elements, uniq_maurice

Skill      XL: |  1  2  3  4  5  6  7  8  9 10 |
---------------+-------------------------------+-----
Fighting       | 5 6 8 9 10 | 10.2
Armour         | 2 4 6 7 9 10 | 10.9
Axes           | 4 5 6 8 10 11 | 11.6
Dodging        | 1 2 3 |  3.3
Stealth        | 1 |  1.2
Evocations     | 1 |  1.2
Spellcasting   | |  1.0
Fire Magic     | |  2.9

Action                   |  1- 3 |  4- 6 |  7- 9 | 10-12 || total
-------------------------+-------+-------+-------+-------++-------
Melee: Hand axe          |    56 |   126 |    33 |       ||   215
       Headbutt          |     7 |    14 |    33 |    14 ||    68
       Battleaxe         |       |       |   171 |   107 ||   278
Invok: Foxfire Swarm     |     1 |       |     3 |     1 ||     5
       Sea of Fire       |     1 |       |     1 |     1 ||     3
       Rising Flame      |       |       |     1 |       ||     1
Evoke: Wand              |       |       |     9 |       ||     9
  Use: Scroll            |       |     4 |     4 |       ||     8
       Potion            |       |     1 |     2 |     4 ||     7
Armor: Robe              |     7 |       |       |       ||     7
       Ring mail         |     4 |    49 |       |       ||    53
       Skin              |       |    21 |       |       ||    21
       Chain mail        |       |    14 |   155 |   116 ||   285
Dodge: Dodged            |    38 |    63 |    96 |    70 ||   267

Table legend: (Time is in decaauts)
 A = Elapsed time spent in this place.
 B = Non-inter-level travel time spent in this place.
 C = Inter-level travel time spent in this place.
 D = Time resting spent in this place.
 E = Time spent auto-exploring this place.
 F = Levels seen in this place.
 G = Mean time per level.
                   A        B        C        D        E       F      G
               +--------+--------+--------+--------+--------+-----+--------+
         Total |   9181 |   8892 |    289 |    624 |   6972 |   9 | 1020.1 |
       Dungeon |   9181 |   8892 |    289 |    624 |   6972 |   9 | 1020.1 |
               +--------+--------+--------+--------+--------+-----+--------+

Top non-repeatable levels by time:
     D:7: 2215 daAuts
     D:4: 1318 daAuts
     D:1: 1244 daAuts
     D:8: 1022 daAuts
     D:3: 867 daAuts
     D:2: 855 daAuts
     D:6: 744 daAuts
     D:5: 620 daAuts
     D:9: 292 daAuts
